 Dungeon Crawl Stone Soup version 0.19-a0-1654-g9d3f708 (webtiles) character file.

172 PurpleRed the Conjurer (level 5, -7/28 HPs)
             Began as a Deep Elf Conjurer on Sept 20, 2016.
             Mangled by a gnoll (8 damage)
             ... on level 4 of the Dungeon.
             The game lasted 00:05:57 (578 turns).

PurpleRed the Conjurer (Deep Elf Conjurer)           Turns: 578, Time: 00:05:58

Health: -7/28      AC:  2    Str:  5    XL:     5   Next: 27%
Magic:  0/13       EV: 14    Int: 21    God:
Gold:   31         SH:  0    Dex: 15    Spells: 2 memorised, 10 levels left

rFire  . . .     SeeInvis .     j - +0 war axe
rCold  . . .     Gourm    .     a - +0 robe
rNeg   . . .     Faith    .     (no shield)
rPois  .         Spirit   .     (no helmet)
rElec  .         Dismiss  .     (no cloak)
rCorr  .         Reflect  .     (no gloves)
MR     .....     Harm     .     (no boots)
Stlth  ++++......               (no amulet)
                                (no ring)
                                m - ring of stealth

@: no status effects
A: no striking features
a: no special abilities


You were on level 4 of the Dungeon.
You were not hungry.

You visited 1 branch of the dungeon, and saw 4 of its levels.

You collected 31 gold pieces.

Inventory:

Hand Weapons
 g - a +0 club
 j - a +0 war axe (weapon)
Missiles
 e - 33 stones (quivered)
Armour
 a - a +0 robe (worn)
Jewellery
 m - a ring of stealth (left hand)
Wands
 h - a wand of slowing (19/48)
Scrolls
 d - a scroll of teleportation {unknown}
 k - a scroll of recharging {unknown}
 o - 2 scrolls of enchant weapon {unknown}
Potions
 f - a potion of curing
 i - a potion of might {unknown}
 l - 2 potions of degeneration {unknown}
 n - a potion of heal wounds
Books
 b - a book of Conjurations

   Spells                             Type                      Level
   a - Magic Dart                     Conjuration                  1
   b - Searing Ray                    Conjuration                  2
   c - Dazzling Spray                 Conjuration/Hexes            3
   d - Fulminant Prism                Conjuration/Hexes            4
   e - Iskenderun's Mystic Blast      Conjuration                  4
   f - Iskenderun's Battlesphere      Conjuration/Charms           5
Comestibles
 c - 2 bread rations


   Skills:
 + Level 4.1 Dodging
 + Level 3.8 Stealth
 + Level 4.6 Spellcasting
 + Level 5.2 Conjurations


You had 10 spell levels left.
You knew the following spells:

 Your Spells              Type           Power        Failure   Level  Hunger
a - Magic Dart            Conj           ####         1%          1    None
b - Searing Ray           Conj           ####..       1%          2    #......


Dungeon Overview and Level Annotations

Branches:
Dungeon (4/15)
 Temple: D:4-7

Altars:


Message History

You closely miss the gnoll.
The gnoll is severely wounded.
The gnoll hits you.
* * * LOW HITPOINT WARNING * * *
You completely miss the gnoll.
The gnoll is severely wounded.
The gnoll closely misses you. The gnoll misses you.
You barely miss the gnoll.
The gnoll is severely wounded.
The gnoll hits you!
* * * LOW HITPOINT WARNING * * *
Casting: Magic Dart
Confirm with . or Enter, or press ? or * to list all spells.
Aiming: Magic Dart
Press: ? - help, Shift-Dir - straight line, f/p - gnoll
Aim: a gnoll (severely wounded)
The magic dart hits the gnoll.
The gnoll is almost dead.
The gnoll hits you!
You die...

#...... ##......
#....... #.......
#....... #######
##....... ##.....###
#........ #........#
#........ ##..@g....#
#........
#.........###........
##..$.....###.........
#.........##..........
..........#............
.........##.....#..#....
........#......##.<#####
......#.......##..##
...........###..##


You could see a gnoll.

Vanquished Creatures
  An orc priest (D:3)
  Jessica (D:2)
  2 orc wizards (D:3)
  2 gnolls (D:4)
  An adder (D:2)
  3 worms
  A leopard gecko (D:2)
  4 orcs (D:3)
  A ball python (D:2)
  A bat (D:2)
  A giant cockroach (D:2)
  2 goblins
  4 hobgoblins
  2 frilled lizards (D:3)
26 creatures vanquished.

Notes
Turn   | Place    | Note
-------+----------+-------------------------------------------
     0 | D:1      | PurpleRed the Deep Elf Conjurer began the quest for the Orb.
     0 | D:1      | Reached XP level 1. HP: 10/10 MP: 6/6
   106 | D:2      | Reached XP level 2. HP: 15/15 MP: 1/8
   117 | D:2      | Learned a level 2 spell: Searing Ray
   235 | D:4      | Reached XP level 3. HP: 19/19 MP: 2/10
   335 | D:2      | Noticed Jessica
   338 | D:2      | Killed Jessica
   338 | D:2      | Reached XP level 4. HP: 7/24 MP: 7/12
   403 | D:3      | Reached skill level 5 in Conjurations
   445 | D:3      | Reached XP level 5. HP: 14/28 MP: 4/13
   577 | D:4      | HP: 1/28 [gnoll (8)]
   578 | D:4      | Mangled by a gnoll

Vault maps used:
D:1:      dpeg_arrival_pond, minmay_misc_feat_tower
D:2:      minmay_door_path, bloody_trog, lemuel_doored_altar, uniq_jessica
D:3:      first_bread
D:4:      uniq_pikel, uniq_natasha, uniq_grinder

Skill      XL: |  1  2  3  4 |
---------------+-------------+-----
Dodging        | 3 4 |  4.1
Stealth        | 3 |  3.8
Spellcasting   | 4 |  4.6
Conjurations   | 5 |  5.2

Action                   |  1- 3 |  4- 6 || total
-------------------------+-------+-------++-------
Melee: War axe           |     3 |    10 ||    13
Throw: Stone             |       |     3 ||     3
 Cast: Magic Dart        |    18 |    20 ||    38
       Searing Ray       |     3 |     5 ||     8
  Use: Potion            |     4 |       ||     4
 Stab: Sleeping          |     2 |       ||     2
Armor: Robe              |     2 |       ||     2
Dodge: Dodged            |    10 |    12 ||    22
